 Dungeon Crawl Stone Soup version 0.24.0-123-gd5b16e6ec5 (webtiles) character file.

Game seed: 16955268079578983447, levelgen mode: deterministic

3113 DungeonDestroyer the Blocker (level 9, 0/74 HPs)
             Began as a Gnoll Fighter on Dec 29, 2019.
             Slain by an orc warrior
             ... wielding a +0 war axe
              (10 damage)
             ... in a bailey.
             The game lasted 00:22:52 (7080 turns).

DungeonDestroyer the Blocker (Gnoll Fighter)        Turns: 7080, Time: 00:22:52

Health: 0/74       AC: 16    Str: 20    XL:     9   Next: 91%
Magic:  15/15      EV:  9    Int: 11    God:
Gold:   340        SH: 12    Dex: 16    Spells: 17/17 levels left

rFire    . . .     SeeInvis .   a - +1 war axe
rCold    . . .     Gourm    +   c - +1 shield
rNeg     + . .     Faith    .   x - +4 chain mail {rN+}
rPois    .         Spirit   .   (no helmet)
rElec    .         Reflect  .   (no cloak)
rCorr    .         Harm     .   j - +0 pair of gloves
MR       .....                  (no boots)
Stlth    ..........             w - amulet of the gourmand
HPRegen  0.22/turn              (no ring)
MPRegen  0.14/turn              (no ring)

@: no status effects
A: distributed training, fangs 1, strong nose
a: no special abilities


You were in a bailey.
You were not hungry.

You visited 1 branch of the dungeon, and saw 7 of its levels.
You also visited: Sewer and Bailey.

You collected 340 gold pieces.

Inventory:

Hand Weapons
 a - a +1 war axe (weapon)
 u - a +1 flail of crushing
Missiles
 g - 153 stones
 h - 61 bolts
 k - 23 poisoned darts (quivered)
 l - 142 arrows
 q - 109 sling bullets
 s - 8 boomerangs
 t - a throwing net
 v - 16 boomerangs of dispersal
Armour
 c - a +1 shield (worn)
 j - a +0 pair of gloves (worn)
 x - a +4 chain mail of positive energy (worn)
Jewellery
 w - an amulet of the gourmand (around neck)
Wands
 z - a wand of disintegration (8)
Scrolls
 e - 2 scrolls of enchant weapon
 i - 5 scrolls of teleportation
 m - 5 scrolls of remove curse
 n - a scroll of fog
 p - 9 scrolls of identify
 y - a scroll of amnesia
Potions
 b - a potion of curing
 d - a potion of might
 o - a potion of lignification
 r - a potion of magic
 A - a potion of cancellation {unknown}
Comestibles
 f - 9 rations


   Skills:
 + Level 8.1 Fighting
 + Level 4.6 Short Blades
 + Level 4.6 Long Blades
 + Level 6.6 Axes
 + Level 4.6 Maces & Flails
 + Level 4.6 Polearms
 + Level 4.6 Staves
 + Level 4.6 Slings
 + Level 4.6 Bows
 + Level 4.6 Crossbows
 + Level 4.6 Throwing
 + Level 8.1 Armour
 + Level 4.6 Dodging
 + Level 4.6 Stealth
 + Level 8.1 Shields
 + Level 4.6 Unarmed Combat
 + Level 4.6 Spellcasting
 + Level 3.8 Conjurations
 + Level 3.8 Hexes
 + Level 3.8 Charms
 + Level 3.8 Summonings
 + Level 3.8 Necromancy
 + Level 3.8 Translocations
 + Level 3.8 Transmutations
 + Level 3.8 Fire Magic
 + Level 3.8 Ice Magic
 + Level 3.8 Air Magic
 + Level 3.8 Earth Magic
 + Level 3.8 Poison Magic
 + Level 5.1 Invocations
 + Level 4.6 Evocations


You had 17 spell levels left.
You didn't know any spells.
Your spell library contained the following spells:

 Spells                   Type           Power        Failure   Level  Hunger
 Beastly Appendage        Tmut           ##....       67%         1    None
 Confusing Touch          Hex            ##....       67%         1    None
 Flame Tongue             Conj/Fire      ##...        67%         1    None
 Shock                    Conj/Air       ##..         67%         1    None
 Sticks to Snakes         Tmut           ##......     80%         2    ##.....
 Swiftness                Chrm/Air       ##......     80%         2    ##.....
 Throw Flame              Conj/Fire      ##....       80%         2    ##.....
 Confuse                  Hex            ##......     95%         3    ###....
 Conjure Flame            Conj/Fire      ##......     95%         3    ###....
 Gell's Gravitas          Tloc           ##........   95%         3    ###....
 Inner Flame              Hex/Fire       ##......     95%         3    ###....
 Spider Form              Tmut/Pois      ##........   95%         3    ###....
 Static Discharge         Conj/Air       ##......     95%         3    ###....
 Airstrike                Air            ##........   100%        4    ####...
 Ice Form                 Ice/Tmut       ##......     100%        4    ####...
 Petrify                  Tmut/Erth      ##......     100%        4    ####...
 Sticky Flame             Conj/Fire      ##......     100%        4    ####...
 Blade Hands              Tmut           ##........   100%        5    ######.
 Fireball                 Conj/Fire      ##........   100%        5    ######.
 Lightning Bolt           Conj/Air       ##........   100%        5    ######.
 Metabolic Englaciation   Hex/Ice        ##........   100%        5    ######.
 Yara's Violent Unravell  Hex/Tmut       ##........   100%        5    ######.


Dungeon Overview and Level Annotations

Branches:
Dungeon (7/15)             Temple (0/1) D:7           Sewer (visited)
 Bailey (1/1)

Altars:
Elyvilon
Fedhas
Gozag
Hepliaklqana
Ru
Sif Muna
Trog
Uskayaw
Vehumet


Innate Abilities, Weirdness & Mutations

Your experience applies equally to all skills.
You have very sharp teeth.
Your uncanny sense of smell can sniff out nearby items.


Message History

You hit the orc warrior.
The orc warrior is almost dead.
Your chain mail prevents you from hitting the orc warrior.
You slash the orc!
You kill the orc!
The orc warrior hits you with a +0 war axe!
* * * LOW HITPOINT WARNING * * *
You block the orc warrior's attack.
You hit the orc warrior but do no damage.
You bite the orc warrior, but do no damage.
The orc warrior is almost dead.
You barely miss the orc warrior.
The orc warrior hits you but does no damage. x2
Unknown command.
You hit the orc warrior.
You bite the orc warrior, but do no damage.
The orc warrior is almost dead.
You completely miss the orc warrior.
The orc warrior hits you with a +0 war axe!
You die...

#∆∆ #∆∆ ....⌠. #∆∆
.... ∆ #∆∆ .... ∆∆
##∆ ### .... ∆ .###
###.###..o ...###
###.....#'#
.....###.......)o##
......#........)@o#
......#....)......#
⌠.....#)....⌠.....#
......))..........#
......#)..........#
.....###.........##
...### ###.....###
.### ###.### # ###


You could see 2 orc warriors.

Vanquished Creatures
  2 hungry ghosts (D:7)
  Edmund (D:5)
  Duvessa (D:5)
  3 orc warriors (Bailey)
  2 ice beasts (D:6)
  A sky beast (D:4)
  5 ogres
  2 centaurs
  A big kobold (D:6)
  4 bullfrogs
  Dowan (D:5)
  2 scorpions
  A killer bee (D:6)
  A crimson imp (D:5)
  A jelly (D:6)
  A gnoll shaman (D:6)
  3 orc priests (D:5)
  A hound (D:7)
  2 bullfrog skeletons (D:7)
  4 orc wizards
  7 worker ants
  A hound zombie (D:5)
  3 hound skeletons
  11 gnolls
  12 adders
  An ooze (D:1)
  2 adder skeletons
  A worm (D:4)
  2 dart slugs (D:3)
  6 leopard geckos
  31 orcs
  4 ball pythons
  13 giant cockroaches
  18 goblins
  18 hobgoblins
  3 jackals (D:4)
  10 kobolds
  A quokka (D:5)
  13 bats
  9 frilled lizards
  2 quokka skeletons (D:6)
  10 rats
  A butterfly (D:6)
218 creatures vanquished.

Vanquished Creatures (others)
  An orc (D:3)
1 creature vanquished.

Grand Total: 219 creatures vanquished

Notes
Turn   | Place    | Note
-------+----------+-------------------------------------------
     0 | D:1      | DungeonDestroyer the Gnoll Fighter began the quest for the
                  | Orb.
     0 | D:1      | Reached XP level 1. HP: 23/23 MP: 1/1
     2 | D:1      | Noticed a ghoul
     2 | D:1      | Noticed a felid
     4 | D:1      | Noticed a centaur
     4 | D:1      | Noticed a human
     7 | D:1      | Noticed a demonspawn
     9 | D:1      | Noticed a tengu
    11 | D:1      | Noticed a minotaur
    11 | D:1      | Noticed a naga
    13 | D:1      | Noticed a merfolk
    13 | D:1      | Noticed an octopode
    15 | D:1      | Noticed a vampire
    15 | D:1      | Noticed a dwarf
    17 | D:1      | Noticed a gargoyle
    17 | D:1      | Noticed a spriggan
    19 | D:1      | Noticed a demigod
    21 | D:1      | Noticed a vine stalker
    21 | D:1      | Noticed a halfling
    23 | D:1      | Noticed an elf
    25 | D:1      | Noticed an ogre
    25 | D:1      | Noticed a troll
    27 | D:1      | Noticed a draconian
    27 | D:1      | Noticed a formicid
   169 | D:1      | Reached XP level 2. HP: 28/29 MP: 2/2
   740 | D:1      | Reached XP level 3. HP: 32/35 MP: 3/3
  1338 | D:2      | Reached skill level 1 in Invocations
  1353 | D:2      | Reached skill level 1 in Short Blades
  1353 | D:2      | Reached skill level 1 in Long Blades
  1353 | D:2      | Reached skill level 1 in Maces & Flails
  1353 | D:2      | Reached skill level 1 in Polearms
  1353 | D:2      | Reached skill level 1 in Staves
  1353 | D:2      | Reached skill level 1 in Slings
  1353 | D:2      | Reached skill level 1 in Bows
  1353 | D:2      | Reached skill level 1 in Crossbows
  1353 | D:2      | Reached skill level 1 in Throwing
  1353 | D:2      | Reached skill level 1 in Dodging
  1353 | D:2      | Reached skill level 1 in Stealth
  1353 | D:2      | Reached skill level 1 in Unarmed Combat
  1353 | D:2      | Reached skill level 1 in Spellcasting
  1353 | D:2      | Reached skill level 1 in Evocations
  1843 | D:3      | Reached XP level 4. HP: 41/41 MP: 5/5
  2084 | D:3      | Reached skill level 1 in Conjurations
  2084 | D:3      | Reached skill level 1 in Hexes
  2084 | D:3      | Reached skill level 1 in Charms
  2084 | D:3      | Reached skill level 1 in Summonings
  2084 | D:3      | Reached skill level 1 in Necromancy
  2084 | D:3      | Reached skill level 1 in Translocations
  2084 | D:3      | Reached skill level 1 in Transmutations
  2084 | D:3      | Reached skill level 1 in Fire Magic
  2084 | D:3      | Reached skill level 1 in Ice Magic
  2084 | D:3      | Reached skill level 1 in Air Magic
  2084 | D:3      | Reached skill level 1 in Earth Magic
  2084 | D:3      | Reached skill level 1 in Poison Magic
  2169 | D:3      | Found a white marble altar of Elyvilon.
  2382 | D:3      | Reached XP level 5. HP: 40/47 MP: 6/6
  2765 | D:4      | Noticed an ogre
  2765 | D:4      | Noticed a sky beast
  2770 | D:4      | Killed an ogre
  2775 | D:4      | Reached XP level 6. HP: 26/53 MP: 8/8
  2782 | D:4      | Killed a sky beast
  2782 | D:4      | Reached skill level 5 in Axes
  2829 | D:4      | Found a blossoming altar of Fedhas.
  2935 | D:4      | Found a shimmering blue altar of Sif Muna.
  3061 | D:4      | Reached XP level 7. HP: 42/59 MP: 10/10
  3062 | D:4      | Found a glowing drain.
  3075 | Sewer    | Entered a sewer
  3990 | D:4      | Found a hide-covered altar of Uskayaw.
  4126 | D:5      | Entered Level 5 of the Dungeon
  4159 | D:5      | Noticed Edmund
  4166 | D:5      | Killed Edmund
  4222 | D:5      | Reached XP level 8. HP: 65/67 MP: 12/12
  4287 | D:5      | HP: 1/100 [orc priest/divine providence (12)]
  4356 | D:5      | Found a hazy altar of Hepliaklqana.
  4891 | D:5      | Found a bloodstained altar of Trog.
  4905 | D:5      | Noticed Dowan
  4908 | D:5      | Noticed Duvessa
  4918 | D:5      | Killed Dowan
  4923 | D:5      | Killed Duvessa
  5258 | D:6      | Found a runed translucent door.
  5259 | D:6      | Found a runed translucent door.
  5556 | D:6      | Reached XP level 9. HP: 72/72 MP: 14/14
  6163 | D:6      | Found a radiant altar of Vehumet.
  6682 | D:7      | Found an opulent altar of Gozag.
  6712 | D:7      | Found a sacrificial altar of Ru.
  6856 | D:7      | Found a staircase to the Ecumenical Temple.
  6898 | D:7      | Found a flagged portal.
  6941 | Bailey   | Entered a bailey
  7008 | Bailey   | Reached skill level 5 in Invocations
  7080 | Bailey   | Slain by an orc warrior

Levels and vault maps discovered:
D:1:      kb_arrival_jail, layout_basic, serial_corexii_hall,
          chequers_hall_statues_corner_a, corexii_hall_statues_deadend,
          minmay_misc_feat_encased, minmay_misc_feat_room, minmay_hedge_maze,
          minmay_heptomino_d4
D:2:      layout_loops_corners
D:3:      layout_loops_ring, elyvilon_altar_4, first_ration
D:4:      layout_rooms, old_standard_altar, marbit_many_paths,
          portal_sewer_entry_d, minmay_ruined_shrine
D:5:      layout_basic, lemuel_doored_altar, trog_three_pillars_becter,
          uniq_edmund, uniq_duvessa
D:6:      lemuel_insect_pit, layout_gridville, vehumet_crystals,
          minmay_unpleasant_kobolds
D:7:      layout_loops_ring, grunt_gozag_breadcrumbs,
          nicolae_overflow_crystal_walls, minmay_temple_entry_offerings,
          serial_shops, nicolae_shop_behind_doors, enter_bailey_2
Bailey:   bailey_axe_minmay_hex_keep, bailey

Skill      XL: |  1  2  3  4  5  6  7  8  9 |
---------------+----------------------------+-----
Invocations    | 1 2 3 4 5 |  5.1
Short Blades   | 1 2 3 4 |  4.6
Long Blades    | 1 2 3 4 |  4.6
Maces & Flails | 1 2 3 4 |  4.6
Polearms       | 1 2 3 4 |  4.6
Staves         | 1 2 3 4 |  4.6
Slings         | 1 2 3 4 |  4.6
Bows           | 1 2 3 4 |  4.6
Crossbows      | 1 2 3 4 |  4.6
Throwing       | 1 2 3 4 |  4.6
Dodging        | 1 2 3 4 |  4.6
Stealth        | 1 2 3 4 |  4.6
Unarmed Combat | 1 2 3 4 |  4.6
Spellcasting   | 1 2 3 4 |  4.6
Evocations     | 1 2 3 4 |  4.6
Conjurations   | 1 2 3 |  3.8
Hexes          | 1 2 3 |  3.8
Charms         | 1 2 3 |  3.8
Summonings     | 1 2 3 |  3.8
Necromancy     | 1 2 3 |  3.8
Translocations | 1 2 3 |  3.8
Transmutations | 1 2 3 |  3.8
Fire Magic     | 1 2 3 |  3.8
Ice Magic      | 1 2 3 |  3.8
Air Magic      | 1 2 3 |  3.8
Earth Magic    | 1 2 3 |  3.8
Poison Magic   | 1 2 3 |  3.8
Axes           | 5 6 |  6.6
Fighting       | 7 8 |  8.1
Armour         | 7 8 |  8.1
Shields        | 7 8 |  8.1

Action                   |  1- 3 |  4- 6 |  7- 9 || total
-------------------------+-------+-------+-------++-------
Melee: War axe           |   112 |   119 |   377 ||   608
       Bite              |     3 |    19 |    54 ||    76
  Use: Scroll            |     6 |       |     4 ||    10
       Potion            |     3 |     1 |     6 ||    10
  Eat: Chunk             |     2 |     3 |    30 ||    35
       Ration            |       |     1 |     1 ||     2
Armor: Scale mail        |    52 |    30 |       ||    82
       Chain mail        |       |    29 |   193 ||   222
       Skin              |       |       |     9 ||     9
Dodge: Dodged            |    46 |    33 |   105 ||   184
Block: Shield            |    77 |    66 |   251 ||   394
